 Dungeon Crawl Stone Soup version 0.18.1-50-g88ac8fd (webtiles) character file.

277 konradical the Skirmisher (level 6, -1/56 HPs)
             Began as a Minotaur Berserker on Oct 4, 2016.
             Was a Believer of Trog.
             Slain by Grinder (3 damage)
             ... on level 3 of the Dungeon.
             The game lasted 00:09:43 (1694 turns).

konradical the Skirmisher (Minotaur Berserker)      Turns: 1694, Time: 00:09:44

Health: -1/56      AC:  7    Str: 23    XL:     6   Next: 4%
Magic:  5/5        EV: 11    Int:  4    God:    Trog [**....]
Gold:   94         SH:  0    Dex: 10    Spells: 0 memorised, 5 levels left

rFire  . . .     SeeInvis .     a - +0 spear
rCold  . . .     Gourm    .     p - +0 scale mail
rNeg   . . .     Faith    .     (no shield)
rPois  .         Spirit   .     (helmet restricted)
rElec  .         Dismiss  .     (no cloak)
rCorr  +         Reflect  .     (no gloves)
SustAt .         Harm     .     (no boots)
MR     .....                    (no amulet)
Stlth  ..........               y - ring of resist corrosion
                                m - ring of resist corrosion

@: not resistant to hostile enchantments, extremely unstealthy
A: retaliatory headbutt, horns 2
a: Berserk, Trog's Hand, Burn Spellbooks, Renounce Religion


You were on level 3 of the Dungeon.
You worshipped Trog.
Trog was pleased with you.
You were not hungry.

You visited 1 branch of the dungeon, and saw 3 of its levels.

You collected 94 gold pieces.

Inventory:

Hand Weapons
 a - a +0 spear (weapon)
 n - a +2 spear
 w - a cursed -3 short sword
Armour
 b - a +0 animal skin
 e - a +0 robe
 p - a +0 scale mail (worn)
 s - a +0 ring mail
Jewellery
 m - a ring of resist corrosion (left hand)
 r - an uncursed ring of wizardry
 y - a ring of resist corrosion (right hand)
Scrolls
 h - a scroll of enchant weapon
 q - a scroll of blinking {unknown}
 t - a scroll of immolation {unknown}
 u - a scroll of amnesia {unknown}
 v - a scroll of identify
 x - a scroll of teleportation {unknown}
Potions
 d - a potion of haste {unknown}
 f - a potion of might {unknown}
 i - 2 potions of curing {unknown}
 j - a potion of resistance {unknown}
 k - a potion of flight {unknown}
 l - a potion of degeneration {unknown}
 o - 2 potions of magic {unknown}
Books
 g - a book of Callings

   Spells                             Type                      Level
   a - Summon Small Mammal            Summoning                    1
   b - Call Imp                       Summoning                    2
   c - Call Canine Familiar           Summoning                    3
   d - Summon Guardian Golem          Hexes/Summoning              3
   e - Summon Lightning Spire         Summoning/Air                4
   f - Summon Ice Beast               Ice/Summoning                4
   Trog disapproves of the use of such an item.
Comestibles
 c - 2 bread rations


   Skills:
 + Level 5.1 Fighting
 + Level 5.0 Polearms
 + Level 4.4 Armour
 + Level 3.7 Dodging
 + Level 0.6 Stealth


You had 5 spell levels left.
You didn't know any spells.

Dungeon Overview and Level Annotations

Branches:
Dungeon (3/15)

Altars:
Ru
Vehumet

Annotations:
D:3 Grinder


Innate Abilities, Weirdness & Mutations

You reflexively headbutt those who attack you in melee.
You have a pair of horns on your head.


Message History

Grinder hits you.
You hit Grinder but do no damage. Your headbutt misses Grinder.
Grinder is moderately wounded.
Grinder hits you.
* * * LOW HITPOINT WARNING * * *
You writhe in agony. x2
You hit Grinder but do no damage. You headbutt Grinder!
Grinder is heavily wounded.
Grinder misses you.
You puncture Grinder! Your headbutt misses Grinder.
Grinder is severely wounded.
Grinder blinks!
An adder comes into view.
Grinder gestures at you. Pain shoots through your body!
* * * LOW HITPOINT WARNING * * *
You puncture Grinder!
Grinder is almost dead.
Grinder hits you.
You die...

####..# . ......#
.....## .....# .....#
...†.# .....#
.....###################
..>...).........@5S(....
########################


You could see Grinder and an adder.

Vanquished Creatures
  The ghost of Uberchile the Shield-Bearer, an amateur FoFi (D:3)
  An orc wizard (D:2)
  3 gnolls (D:2)
  4 adders (D:2)
  An ooze (D:2)
  A dart slug (D:2)
  2 giant geckos (D:1)
  2 orcs (D:3)
  A ball python (D:2)
  3 goblins
  6 hobgoblins
  7 jackals (D:2)
  A quokka (D:3)
  6 bats
  A giant newt (D:2)
  5 kobolds
  3 rats
48 creatures vanquished.

Notes
Turn   | Place    | Note
--------------------------------------------------------------
     0 | D:1      | konradical the Minotaur Berserker began the quest for the Orb.
     0 | D:1      | Reached XP level 1. HP: 19/19 MP: 0/0
   279 | D:1      | Reached XP level 2. HP: 12/27 MP: 1/1
   669 | D:2      | Reached XP level 3. HP: 29/33 MP: 2/2
   734 | D:2      | Reached ** piety under Trog
   759 | D:2      | Found a sacrificial altar of Ru.
   781 | D:2      | Reached XP level 4. HP: 34/41 MP: 3/3
  1283 | D:2      | Reached XP level 5. HP: 47/47 MP: 4/4
  1587 | D:3      | Noticed Uberchile's ghost (amateur FoFi)
  1604 | D:3      | Killed Uberchile's ghost
  1604 | D:3      | Reached skill level 5 in Fighting
  1604 | D:3      | Reached skill level 5 in Polearms
  1604 | D:3      | Reached XP level 6. HP: 8/56 MP: 5/5
  1667 | D:3      | Found a radiant altar of Vehumet.
  1683 | D:3      | Noticed Grinder
  1692 | D:3      | HP: 1/56 [Grinder/nerve-wracking pain (12)]
  1694 | D:3      | Slain by Grinder

Skill      XL: |  1  2  3  4  5 |
---------------+----------------+-----
Polearms       | 4 5 |  5.0
Fighting       | 4 5 |  5.1
Armour         | 3 4 |  4.4
Dodging        | 3 |  3.7
Stealth        | |  0.6

Action                   |  1- 3 |  4- 6 || total
-------------------------+-------+-------++-------
Melee: Spear             |    72 |    85 ||   157
       Headbutt          |    13 |    13 ||    26
Invok: Berserk           |       |     1 ||     1
  Use: Scroll            |     5 |     2 ||     7
 Stab: Paralysed         |       |     1 ||     1
  Eat: Bread ration      |       |     1 ||     1
Armor: Robe              |     8 |       ||     8
       Scale mail        |    13 |    20 ||    33
Dodge: Dodged            |    38 |    39 ||    77
